 Dungeon Crawl Stone Soup version 0.17-a0-2055-gb4e23be (webtiles) character file.

49 tp1 the Magician (level 3, -6/19 HPs)
             Began as a Deep Elf Conjurer on Oct 11, 2015.
             Mangled by Terence
             ... wielding a +0 trident
              (8 damage)
             ... on level 2 of the Dungeon.
             The game lasted 00:10:45 (1391 turns).

tp1 the Magician (Deep Elf Conjurer)                Turns: 1391, Time: 00:10:45

Health: -6/19      AC:  3    Str:  5    XL:     3   Next: 51%
Magic:  6/11       EV: 12    Int: 20    God:
Gold:   67         SH:  0    Dex: 15    Spells: 1 memorised, 11 levels left

rFire  . . .     SeeInvis .     (no weapon)
rCold  . . .     Clarity  .     l - +0 leather armour
rNeg   . . .     SustAt   .     (no shield)
rPois  .         Gourm    .     (no helmet)
rElec  .         Spirit   .     (no cloak)
rCorr  .         Warding  .     (no gloves)
rMut   .         Stasis   .     (no boots)
MR     .....                    h - amulet of rage
Stlth  ++........               (no ring)
                                (no ring)

@: not resistant to hostile enchantments, unstealthy
A: no striking features
a: Evoke Berserk Rage


You were on level 2 of the Dungeon.
You were not hungry.

You visited 1 branch of the dungeon, and saw 2 of its levels.

You collected 67 gold pieces.

Inventory:

Armour
 a - a +0 robe
 l - a +0 leather armour (worn)
Jewellery
 h - an amulet of rage (around neck)
Scrolls
 d - 2 scrolls of immolation {unknown}
 e - a scroll of recharging {unknown}
 f - a scroll of enchant weapon {unknown}
 j - a scroll of remove curse {unknown}
 m - a scroll of amnesia {unknown}
 p - a scroll of noise {unknown}
Potions
 g - 2 potions of brilliance {unknown}
 i - a potion of degeneration {unknown}
 n - a potion of heal wounds {unknown}
Books
 b - a book of Conjurations

   Spells                             Type                      Level
   a - Magic Dart                     Conjuration                  1
   b - Searing Ray                    Conjuration                  2
   c - Dazzling Spray                 Conjuration/Hexes            3
   d - Fulminant Prism                Conjuration/Hexes            4
   e - Iskenderun's Mystic Blast      Conjuration                  4
   f - Iskenderun's Battlesphere      Conjuration/Charms           5
Comestibles
 c - a bread ration
 k - a beef jerky
 o - a chunk of flesh
 q - a royal jelly


   Skills:
 - Level 2.5 Dodging
 - Level 2.4 Stealth
 + Level 5.3 Spellcasting
 - Level 4.4 Conjurations


You had 11 spell levels left.
You knew the following spells:

 Your Spells              Type           Power        Failure   Level  Hunger
a - Magic Dart            Conj           ###.         3%          1    None


Dungeon Overview and Level Annotations

Branches:
Dungeon (2/15)

Altars:
Yredelemnul
Zin

Annotations:
D:2 Terence


Message History

Press: ? - help, Shift-Dir - straight line, f/p - Terence
Aim: Terence, wielding a trident and wearing a chain mail (moderately wounded)
The magic dart hits Terence.
Terence is moderately wounded.
Terence misses you.
The kobold throws a stone.
The stone hits you but does no damage. Terence barely misses you.
Casting: Magic Dart
Confirm with . or Enter, or press ? or * to list all spells.
Aiming: Magic Dart
Press: ? - help, Shift-Dir - straight line, f/p - Terence
Aim: Terence, wielding a trident and wearing a chain mail (moderately wounded)
The magic dart hits Terence.
Terence is heavily wounded.
Terence hits you with a trident.
Terence says, "Don't bother to defend, it's useless."
Terence hits you with a trident.
* * * LOW HITPOINT WARNING * * *
Terence hits you from afar with a trident!
You die...

.........######...##
#............##...#
#........######...##
#........# #8...8#
########## ##...##
#.....# #@(...#
#.....# #(#@#.#
#.#.#... #K#.####..
#.#.# ## #.#.# ..#.#
###.. ###


You could see Terence.

Vanquished Creatures
  2 adders (D:2)
  A worm (D:1)
  A giant cockroach (D:1)
  4 hobgoblins (D:1)
  4 kobolds
  A ball python (D:1)
  8 bats
  2 giant geckos (D:1)
  3 giant newts (D:1)
  2 goblins (D:1)
  3 rats (D:1)
31 creatures vanquished.

Notes
Turn   | Place    | Note
--------------------------------------------------------------
     0 | D:1      | tp1 the Deep Elf Conjurer began the quest for the Orb.
     0 | D:1      | Reached XP level 1. HP: 10/10 MP: 6/6
   175 | D:1      | Reached XP level 2. HP: 15/15 MP: 5/8
  1042 | D:1      | Reached XP level 3. HP: 19/19 MP: 9/11
  1143 | D:2      | Reached skill level 5 in Spellcasting
  1178 | D:2      | Found a basalt altar of Yredelemnul.
  1318 | D:2      | Found a glowing silver altar of Zin.
  1354 | D:2      | Noticed Terence
  1391 | D:2      | Mangled by Terence

Vault maps used:
D:1:      lightli_arrival_statuegarden
D:2:      lemuel_round_altar, serial_corexii_hall, corexii_hall_statues_t,
          corexii_hall_statues_i, corexii_hall_statues_x,
          yredelemnul_altar_generic, uniq_terence

Action                   || total
-------------------------++-------
 Cast: Magic Dart        ||    65
  Eat: Chunk             ||     1
